 Dungeon Crawl Stone Soup version 0.30-a0-634-g8abc85282e (webtiles) character file.

Game seed: 11349800477289378906

123 Leeroy the Slasher (level 5, -3/30 HPs)
             Began as a Tengu Warper on Jan 14, 2023.
             Killed from afar by Ijyb (11 damage)
             ... with a puff of flame
             ... on level 3 of the Dungeon.
             The game lasted 00:03:26 (2758 turns).

Leeroy the Slasher (Tengu Warper)                   Turns: 2758, Time: 00:03:26

Health: -3/30      AC:  3    Str: 11    XL:     5   Next: 7%
Magic:  7/9        EV: 14    Int: 14    God:
Gold:   137        SH:  0    Dex: 15    Spells: 3/8 levels left

rFire   . . .      SeeInvis .    h - +3 dagger
rCold   . . .      Faith    .    (no shield)
rNeg    . . .      Spirit   .    b - +0 leather armour
rPois   .          Reflect  .    (helmet restricted)
rElec   .          Harm     .    (no cloak)
rCorr   .          Rampage  .    (no gloves)
Will    .....                    (boots unavailable)
Stlth   +                        (no amulet)
HPRegen 0.25/turn                (no ring)
MPRegen 0.11/turn                (no ring)

@: on blink cooldown, flying quickly and evasively, quick
A: beak, talons 3, nimble flight
a: no special abilities


You were on level 3 of the Dungeon.
You visited 1 branch of the dungeon, and saw 3 of its levels.

You collected 137 gold pieces.

Inventory:

Hand Weapons
 a - a +0 falchion
 h - a +3 dagger (weapon)
Missiles
 d - 7 boomerangs of dispersal (quivered)
 s - 6 boomerangs
 w - 2 javelins
Armour
 b - a +0 leather armour (worn)
Wands
 q - a wand of mindburst (15)
Scrolls
 c - a scroll of blinking
 e - 8 scrolls of identify {unknown}
 i - 2 scrolls of enchant armour {unknown}
 j - 5 scrolls of teleportation {unknown}
 k - 2 scrolls of torment {unknown}
 l - a scroll of poison {unknown}
 p - a scroll of enchant weapon {unknown}
 r - a scroll of magic mapping {unknown}
 u - a scroll of noise {unknown}
 v - a scroll of fog {unknown}
Potions
 f - a potion of curing {unknown}
 g - a potion of berserk rage {unknown}
 m - 2 potions of attraction {unknown}
 n - a potion of invisibility {unknown}
 o - a potion of haste {unknown}
 t - a potion of cancellation {unknown}


   Skills:
 - Level 2.0 Fighting
 - Level 4.0 Long Blades
 - Level 1.0 Throwing
 - Level 1.1 Armour
 - Level 2.1 Dodging
 - Level 2.0 Spellcasting
 + Level 3.8 Translocations


You had 3 spell levels left.
You knew the following spells:

 Your Spells              Type           Power      Damage    Failure   Level
a - Blink                 Tloc           24%        N/A       10%         2
b - Vhi's Electric Charg  Tloc/Air       12%        N/A       38%         3

Your spell library contained the following spells:

 Spells                   Type           Power      Damage    Failure   Level
 Lesser Beckoning         Tloc           24%        N/A       19%         3
 Teleport Other           Tloc           12%        N/A       19%         3
 Manifold Assault         Tloc           12%        N/A       54%         4


Dungeon Overview and Level Annotations

Branches:
Dungeon (3/15)

Altars:
Cheibriados

Annotations:
D:3 Ijyb


Innate Abilities, Weirdness & Mutations

You have a beak for a mouth.
You have claws for feet.
Your magical nature lets you fly swiftly and evasively.


Message History

Ijyb is heavily wounded.
Ijyb barely misses you.
You closely miss Ijyb.
Ijyb is heavily wounded.
Ijyb hits you with a +0 dagger.
You hit Ijyb but do no damage.
Ijyb is heavily wounded.
You hit Ijyb but do no damage. You claw Ijyb, but do no damage.
Ijyb is heavily wounded.
Ijyb zaps a wand.
The puff of flame misses you.
You hit Ijyb but do no damage. You claw Ijyb, but do no damage.
Your peck misses Ijyb.
Ijyb is heavily wounded.
Ijyb zaps a wand.
The puff of flame misses you.
You hit Ijyb but do no damage. Your peck misses Ijyb.
Ijyb is heavily wounded.
Ijyb zaps a wand.
The puff of flame misses you.
You barely miss Ijyb. Your peck misses Ijyb.
Ijyb is heavily wounded.
Ijyb zaps a wand.
The puff of flame hits you.
You hit Ijyb but do no damage. You claw Ijyb. You peck Ijyb, but do no damage.
Ijyb is heavily wounded.
Ijyb zaps a wand.
The puff of flame hits you!
You are too injured to fight recklessly!
You are too injured to fight recklessly!
You are too injured to fight recklessly!
You are too injured to fight recklessly!
You are too injured to fight recklessly!
You hit Ijyb but do no damage.
Ijyb is heavily wounded.
Ijyb hits you with a +0 dagger.
* * * LOW HITPOINT WARNING * * *
Casting: Blink (safe; 10% risk of failure)
Confirm with . or Enter, or press ? or * to list all spells.
Okay, then.
Okay, then.
Casting: Blink (safe; 10% risk of failure)
Confirm with . or Enter, or press ? or * to list all spells.
You blink.
Ijyb zaps a wand.
The puff of flame hits you!
You die...

..#≈# ####.....#
..#≈## ##...##
.##≈≈#######..##
.#~≈≈.........#
...≈≈~#######.#
#..~≈..## ##'##
#..~~...# ##...##
...~~..~###.....##
†~.~~..~##...§?.@#
#.~~~~~.#....g....#
#~.~≈...+.........+
#..≈~...#.........#
#..≈..~~##.......##
#..~≈.~.###.....##
...~≈.~~# ##...##
..~≈~... ##+##
#..≈≈


You could see Ijyb.

Vanquished Creatures
  4 gnolls
  2 adders (D:3)
  3 worms
  A dart slug (D:1)
  An orc (D:2)
  6 ball pythons
  7 bats
  5 endoplasms
  2 giant cockroaches (D:1)
  8 goblins
  6 hobgoblins
  5 frilled lizards
  2 kobolds
  4 rats
56 creatures vanquished.

Notes
Turn   | Place    | Note
-------+----------+-------------------------------------------
     0 | D:1      | Leeroy the Tengu Warper began the quest for the Orb.
     0 | D:1      | Reached XP level 1. HP: 12/12 MP: 4/4
     7 | D:1      | Noticed a minotaur zombie
    11 | D:1      | Noticed a minotaur zombie
    23 | D:1      | Noticed a demonspawn zombie
    94 | D:1      | Reached skill level 3 in Long Blades
    94 | D:1      | Reached XP level 2. HP: 17/17 MP: 6/6
   383 | D:1      | Reached XP level 3. HP: 16/21 MP: 7/7
   617 | D:2      | Reached skill level 4 in Long Blades
   620 | D:2      | Learned a level 2 spell: Blink
   624 | D:2      | Learned a level 3 spell: Vhi's Electric Charge
   933 | D:2      | Reached XP level 4. HP: 11/26 MP: 4/8
  1134 | D:2      | Found a snail-covered altar of Cheibriados.
  2153 | D:2      | Found a faded altar of an unknown god.
  2459 | D:3      | Gained mutation: Your magical nature lets you fly swiftly
                  | and evasively. [Tengu growth]
  2459 | D:3      | Reached XP level 5. HP: 26/30 MP: 9/9
  2741 | D:3      | Noticed Ijyb
  2758 | D:3      | Killed from afar by Ijyb

Illustrated notes

Levels and vault maps discovered:
D:1:      shiori_arrival_whats_in_store_for_you, layout_basic,
          minmay_close_crescents
D:2:      minmay_wonky_spiral, layout_basic, basic_altar,
          hellmonk_ecumenical_altar_defaced_shrine
D:3:      kennysheep_big_flooded_room, layout_loops_corners,
          chequers_serial_rivers_small_3, corexii_shack, uniq_ijyb

Skill      XL: |  1  2  3 |
---------------+----------+-----
Long Blades    | 3 4 |  4.0
Translocations | 3 |  3.8
Fighting       | |  2.0
Throwing       | |  1.0
Armour         | |  1.1
Dodging        | |  2.1
Spellcasting   | |  2.0

Action                   |  1- 3 |  4- 6 || total
-------------------------+-------+-------++-------
Melee: Falchion          |    40 |       ||    40
       Kick              |    17 |    23 ||    40
       Peck              |     8 |    14 ||    22
       Dagger            |    35 |    87 ||   122
       Punch             |     1 |       ||     1
 Cast: Blink             |     2 |     1 ||     3
       Vhi's Electric Ch |     1 |       ||     1
 Stab: Sleeping          |     1 |     2 ||     3
Armor: Leather armour    |    18 |    15 ||    33
Dodge: Dodged            |    47 |    33 ||    80

Table legend: (Time is in decaauts)
 A = Elapsed time spent in this place.
 B = Non-inter-level travel time spent in this place.
 C = Inter-level travel time spent in this place.
 D = Time resting spent in this place.
 E = Time spent auto-exploring this place.
 F = Levels seen in this place.
 G = Mean time per level.
                   A        B        C        D        E       F      G
               +--------+--------+--------+--------+--------+-----+--------+
         Total |   2729 |   2656 |     73 |     73 |   2098 |   3 |  909.7 |
       Dungeon |   2729 |   2656 |     73 |     73 |   2098 |   3 |  909.7 |
               +--------+--------+--------+--------+--------+-----+--------+

Top non-repeatable levels by time:
     D:2: 1438 daAuts
     D:1: 752 daAuts
     D:3: 537 daAuts
